 Dungeon Crawl Stone Soup version 0.29-a0-284-gf9362112df (webtiles) character file.

Game seed: 4763399522514356551

240 Zonian the Conjurer (level 6, -2/42 HPs)
             Began as a Human Conjurer on Mar 29, 2022.
             Was a Believer of Qazlal.
             Slain by an acid dragon (3 damage)
             ... on level 4 of the Dungeon.
             The game lasted 00:06:09 (3615 turns).

Zonian the Conjurer (Human Conjurer)                Turns: 3615, Time: 00:06:10

Health: -2/42      AC:  5    Str:  8    XL:     6   Next: 30%
Magic:  0/10       EV: 17    Int: 18    God:    Qazlal [**....]
Gold:   137        SH:  3    Dex: 13    Spells: 8/11 levels left

rFire   . . .      SeeInvis .   r - +1 hand axe (elec)
rCold   . . .      Faith    .   (no shield)
rNeg    . . .      Spirit   .   a - +0 robe
rPois   .          Reflect  .   (no helmet)
rElec   .          Harm     .   t - +2 cloak
rCorr   .          Rampage  .   (no gloves)
Will    +....                   (no boots)
Stlth   ++........              (no amulet)
HPRegen 0.14/turn               h - +4 ring of evasion
MPRegen 0.12/turn               n - ring of willpower

@: no status effects
A: no striking features
a: Renounce Religion, Upheaval


You were on level 4 of the Dungeon.
You worshipped Qazlal.
Qazlal was pleased with you.
You visited 1 branch of the dungeon, and saw 4 of its levels.

You collected 137 gold pieces.

Inventory:

Hand Weapons
 j - a +1 rapier of protection
 r - a +1 hand axe of electrocution (weapon)
Missiles
 q - 2 throwing nets
Armour
 a - a +0 robe (worn)
 t - a +2 cloak (worn)
Jewellery
 h - a +4 ring of evasion (left hand)
 n - a ring of willpower (right hand)
Scrolls
 g - a scroll of noise
 i - a scroll of blinking
 p - a scroll of identify {unknown}
Potions
 b - a potion of magic
 e - a potion of ambrosia {unknown}
 f - 2 potions of attraction {unknown}
 l - a potion of berserk rage {unknown}
 m - a potion of heal wounds {unknown}
 o - a potion of invisibility {unknown}
 s - a potion of curing {unknown}
 u - a potion of cancellation {unknown}
 v - a potion of lignification {unknown}
 w - a potion of haste {unknown}


   Skills:
 + Level 0.9 Fighting
 - Level 0.6 Short Blades
 + Level 0.5 Axes
 + Level 3.4 Dodging
 - Level 2.5 Stealth
 + Level 3.2 Spellcasting
 + Level 4.9 Conjurations
 + Level 1.6 Invocations


You had 8 spell levels left.
You knew the following spells:

 Your Spells              Type           Power      Damage    Failure   Level
a - Magic Dart            Conj           80%        1d7       1%          1
b - Searing Ray           Conj           40%        2d5       3%          2

Your spell library contained the following spells:

 Spells                   Type           Power      Damage    Failure   Level
 Dazzling Flash           Conj/Hex       22%        N/A       17%         3
 Fulminant Prism          Conj/Hex       5%         3d7       50%         4
 Iskenderun's Mystic Bla  Conj/Tloc      11%        2d4       50%         4


Dungeon Overview and Level Annotations

Branches:
Dungeon (4/15)
 Temple: D:4-7

Altars:
Gozag
Qazlal
Ru

Annotations:
D:4 Sigmund


Message History

Unknown command.
Casting: Searing Ray (safe; 3% risk of failure)
Confirm with . or Enter, or press ? or * to list all spells.
Aiming: Searing Ray (safe; 3% risk of failure)
Press: ? - help, Shift-Dir - straight line, f - acid dragon
Aim: an acid dragon (moderately wounded, catching its breath, 78% to hit)
The searing ray misses the acid dragon. (Press . to maintain the ray.) Unknown command.
The searing ray misses the acid dragon.
The acid dragon bites you but does no damage.
The acid dragon barely misses you.
Unknown command.
The searing ray hits the acid dragon.
The acid dragon is heavily wounded.
The acid dragon spits acid at you. The splash of acid misses you.
Unknown command.
The searing ray misses the acid dragon.
You finish channelling your searing ray.
The acid dragon misses you.
The acid dragon claws you but does no damage.
Unknown command.
You hit the acid dragon.
The acid dragon is severely wounded.
Sigmund the Dreaded comes into view.
He is wielding a +0 scythe.
The acid dragon bites you!
* * * LOW HITPOINT WARNING * * *
You block the acid dragon's attack.
Unknown command.
Okay, then.
Casting: Searing Ray (safe; 3% risk of failure)
Confirm with . or Enter, or press ? or * to list all spells.
Aiming: Magic Dart (safe; 1% risk of failure)
Press: ? - help, Shift-Dir - straight line, f/p - acid dragon
Aim: an acid dragon (severely wounded, catching its breath, 100% to hit)
The magic dart hits the acid dragon but does no damage.
The acid dragon is severely wounded.
The acid dragon barely misses you. The acid dragon claws you.
You die...

,,....................*,,,,,****,
,,..................#**,,,*** *,
,,,,#.....@.........# *,,*******,
,,,**#..............##*,,**,,,,,,
,,** #...............#*,***,,,,*,
,****##.÷............##,* *,,,,*,
,,,,,#......<.........#,* *,,,**,
,,..........###.D...>.#,***,****,
,,....#.....# ##@§....#..,,,,,,,,
,,..#####...#**#..$......,,,,,,,*
,,.,,* ##............#..,,,,,***
,**,,** #............#,,,,**** *
***,,,** #............#,**** ** *
*,,,,**#............#,,,*** *,
****,,,,**............#,,,,,** *,
,* *,,,,,,............#,,,,,,***,
,***,,,,,,..........###,***,,**,,


You could see an acid dragon (catching breath) and Sigmund.

Vanquished Creatures
  2 iguanas
  Natasha (twice) (D:4)
  3 gnolls (D:2)
  3 adders
  A worm (D:2)
  5 dart slugs
  3 orcs (D:3)
  2 endoplasms (D:1)
  A giant cockroach (D:1)
  7 hobgoblins
  2 jackals (D:3)
  5 kobolds
  5 quokkas
  8 ball pythons
  9 bats
  5 frilled lizards
  6 goblins
  3 rats
72 creatures vanquished.

Notes
Turn   | Place    | Note
-------+----------+-------------------------------------------
     0 | D:1      | Zonian the Human Conjurer began the quest for the Orb.
     0 | D:1      | Reached XP level 1. HP: 13/13 MP: 3/3
   184 | D:1      | Reached XP level 2. HP: 19/19 MP: 0/5
   941 | D:1      | Found a faded altar of an unknown god.
   954 | D:1      | Prayed at the altar of an unknown god.
   954 | D:1      | Became a worshipper of Qazlal Stormbringer
   954 | D:1      | Reached * piety under Qazlal
   971 | D:1      | Reached XP level 3. HP: 24/24 MP: 3/6
  1820 | D:2      | Learned a level 2 spell: Searing Ray
  1912 | D:2      | Reached XP level 4. HP: 30/30 MP: 1/7
  2096 | D:2      | Reached ** piety under Qazlal
  2266 | D:2      | Reached XP level 5. HP: 30/35 MP: 9/9
  2585 | D:2      | Reached skill level 1 in Invocations
  3022 | D:3      | Found a sacrificial altar of Ru.
  3025 | D:3      | Found an opulent altar of Gozag.
  3258 | D:4      | Reached XP level 6. HP: 25/42 MP: 10/10
  3287 | D:4      | Noticed Natasha
  3583 | D:4      | Killed Natasha
  3596 | D:4      | Noticed Natasha
  3600 | D:4      | Noticed an acid dragon
  3609 | D:4      | Killed Natasha
  3614 | D:4      | Noticed Sigmund
  3614 | D:4      | HP: 1/42 [acid dragon (12)]
  3615 | D:4      | Slain by an acid dragon

Illustrated notes

Levels and vault maps discovered:
D:1:      saegor_arrival_simple_e, layout_loops_corners,
          hellmonk_ecumenical_altar_prayer_group, minmay_hexomino_f4
D:2:      layout_basic
D:3:      layout_basic, minitemple
D:4:      minmay_recursive_quarters, layout_layer_cave,
          pdpol_wu_jian_five_deadly_venoms, mainiacjoe_overflow_boulevard,
          uniq_natasha, uniq_sigmund

Skill      XL: |  1  2  3  4  5 |
---------------+----------------+-----
Dodging        | 3 |  3.4
Spellcasting   | 3 |  3.2
Invocations    | 1 |  1.6
Fighting       | |  0.9
Short Blades   | |  0.6
Axes           | |  0.5
Stealth        | |  2.5
Conjurations   | |  4.9

Action                   |  1- 3 |  4- 6 || total
-------------------------+-------+-------++-------
Melee: Unarmed           |    10 |       ||    10
       Rapier            |    19 |    96 ||   115
       Hand axe          |       |    12 ||    12
 Cast: Magic Dart        |    55 |     5 ||    60
       Searing Ray       |       |     2 ||     2
  Use: Scroll            |     1 |     5 ||     6
Armor: Robe              |    20 |    21 ||    41
Dodge: Dodged            |    32 |   108 ||   140
Block: Other             |     3 |    12 ||    15

Table legend: (Time is in decaauts)
 A = Elapsed time spent in this place.
 B = Non-inter-level travel time spent in this place.
 C = Inter-level travel time spent in this place.
 D = Time resting spent in this place.
 E = Time spent auto-exploring this place.
 F = Levels seen in this place.
 G = Mean time per level.
                   A        B        C        D        E       F      G
               +--------+--------+--------+--------+--------+-----+--------+
         Total |   3638 |   3559 |     79 |    923 |   2032 |   4 |  909.5 |
       Dungeon |   3638 |   3559 |     79 |    923 |   2032 |   4 |  909.5 |
               +--------+--------+--------+--------+--------+-----+--------+

Top non-repeatable levels by time:
     D:1: 1761 daAuts
     D:2: 966 daAuts
     D:3: 814 daAuts
     D:4: 96 daAuts
